General information
			
			
        
        - name: BNet
 
        - type: Ladder team game (AT/RT)
 
        - host: Battle.net
 
        - saver: RIDICULOUS_
 
        
map: GoldRush 
        - players: 8
 
        - length: 15:19
 
        - speed: Fast
 - version: 1.22 W3XP
 - replay type:  Public
 
» download(127 KB)
Players
        team 1 (winner) 
              
              
» 
ripBALLER4LIFE (
yellow | 53 APM | 817 actions | 15:18)
              
 4 Shadow Hunter 
 2 Serpent Ward
 2 Healing Wave
 
                » actions 
                
                | Assign group hotkey | 21 |  | 
| Build / train | 42 |  | 
| Enter build submenu | 18 |  | 
| Enter hero's abilities submenu | 4 |  | 
| Right click | 401 |  | 
| Select / deselect | 235 |  | 
| Select group hotkey | 59 |  | 
| Use ability | 37 |  | 
                817 total
 » units 
                
                | Peon | 11 |  | 
| Grunt | 3 |  | 
| Wind Rider | 13 |  | 
| Troll Batrider | 1 |  | 
                28 total
 » upgrades
                
                | Envenomed Spears | 1 |  | 
| Ranged Weapons | 2 |  | 
| Armor | 1 |  | 
                4 total
 » buildings
                
                | Altar of Storms | 1 |  | 
| Orc Burrow | 6 |  | 
| Barracks | 1 |  | 
| Voodoo Lounge | 2 |  | 
| Stronghold | 1 |  | 
| War Mill | 1 |  | 
| Beastiary | 3 |  | 
| Fortress | 1 |  | 
| Great Hall | 1 |  | 
                17 total
 » build order
                00:15 Altar of Storms
00:28 Orc Burrow
00:43 Barracks
01:48 Orc Burrow
02:13 Voodoo Lounge
03:00 Stronghold
03:59 Orc Burrow
04:01 War Mill
05:24 Beastiary
05:26 Beastiary
05:31 Orc Burrow
06:12 Fortress
06:55 Voodoo Lounge
07:51 Great Hall
11:18 Beastiary
15:06 Orc Burrow
15:08 Orc Burrow
» items
                
                | Healing Salve | 1 |  | 
| Scroll of Town Portal | 1 |  | 
| Lesser Clarity Potion | 1 |  | 
                3 total
  
               
              
              
» 
Fing.Prick (
red | 68 APM | 1046 actions | 15:18)
              
 3 Shadow Hunter 
 2 Serpent Ward
 1 Healing Wave
 2 Far Seer 
 1 Chain Lighting
 1 Feral Spirit
 1 Tauren Chieftain 
 1 Endurance Aura
 
                » actions 
                
                | Assign group hotkey | 10 |  | 
| Basic commands | 84 |  | 
| Build / train | 56 |  | 
| ESC pressed | 1 |  | 
| Enter build submenu | 15 |  | 
| Enter hero's abilities submenu | 7 |  | 
| Remove unit from queue | 2 |  | 
| Right click | 258 |  | 
| Select / deselect | 385 |  | 
| Select group hotkey | 154 |  | 
| Use ability | 74 |  | 
                1046 total
 » units 
                
                | Peon | 6 |  | 
| Grunt | 6 |  | 
| Troll Witch Doctor | 5 |  | 
| Shaman | 2 |  | 
                19 total
 » upgrades
                
                | Pillage | 1 |  | 
| Witch Doctor Training | 2 |  | 
| Shaman Training | 2 |  | 
| Spirit Walker Training | 2 |  | 
| Reinforced Defenses | 1 |  | 
                8 total
 » buildings
                
                | Barracks | 1 |  | 
| Orc Burrow | 4 |  | 
| Altar of Storms | 1 |  | 
| Voodoo Lounge | 1 |  | 
| Stronghold | 1 |  | 
| War Mill | 1 |  | 
| Fortress | 1 |  | 
| Spirit Lodge | 2 |  | 
| Great Hall | 1 |  | 
                13 total
 » build order
                00:06 Barracks
00:09 Orc Burrow
00:29 Altar of Storms
01:48 Orc Burrow
02:11 Voodoo Lounge
04:13 Stronghold
04:45 Orc Burrow
05:43 War Mill
06:37 Fortress
06:39 Spirit Lodge
06:58 Spirit Lodge
07:17 Orc Burrow
14:19 Great Hall
» items
                
                | Healing Salve | 2 |  | 
| Lesser Clarity Potion | 3 |  | 
| Scroll of Speed | 3 |  | 
| Potion of Mana | 1 |  | 
| Orb of Lightning | 5 |  | 
| Potion of Healing | 1 |  | 
                15 total
  
               
              
              
» 
PoopyButt (
blue | 197 APM | 3016 actions | 15:18)
              
 3 Shadow Hunter 
 2 Serpent Ward
 1 Hex
 3 Tauren Chieftain 
 2 War Stomp
 1 Endurance Aura
 
                » actions 
                
                | Assign group hotkey | 25 |  | 
| Basic commands | 1 |  | 
| Build / train | 55 |  | 
| Enter build submenu | 12 |  | 
| Enter hero's abilities submenu | 6 |  | 
| Give item / drop item | 4 |  | 
| Right click | 1391 |  | 
| Select / deselect | 122 |  | 
| Select group hotkey | 1323 |  | 
| Use ability | 77 |  | 
                3016 total
 » units 
                
                | Peon | 11 |  | 
| Wind Rider | 7 |  | 
| Troll Batrider | 6 |  | 
                24 total
 » upgrades
                
                | Envenomed Spears | 1 |  | 
| Liquid Fire | 1 |  | 
| Ranged Weapons | 1 |  | 
| Armor | 1 |  | 
                4 total
 » buildings
                
                | Altar of Storms | 1 |  | 
| Orc Burrow | 5 |  | 
| Stronghold | 1 |  | 
| Voodoo Lounge | 1 |  | 
| Beastiary | 2 |  | 
| Great Hall | 1 |  | 
| Fortress | 2 |  | 
| War Mill | 1 |  | 
                14 total
 » build order
                00:08 Altar of Storms
00:19 Orc Burrow
01:54 Stronghold
02:00 Voodoo Lounge
02:09 Orc Burrow
02:24 Orc Burrow
04:24 Beastiary
04:26 Beastiary
05:55 Orc Burrow
07:00 Great Hall
07:40 Fortress
08:05 War Mill
09:23 Fortress
13:09 Orc Burrow
» items
                
                | Healing Salve | 4 |  | 
| Lesser Clarity Potion | 5 |  | 
| Scroll of Speed | 3 |  | 
| Potion of Healing | 1 |  | 
| Orb of Lightning | 1 |  | 
| Scroll of Town Portal | 1 |  | 
                15 total
  
               
              
              
RIDICULOUS_ (
purple | 104 APM | 1586 actions | 15:19)
              
 3 Death Knight 
 2 Death Coil
 1 Unholy Aura
 2 Lich 
 1 Frost Nova
 1 Frost Armor
 
                » actions 
                
                | Assign group hotkey | 15 |  | 
| Basic commands | 178 |  | 
| Build / train | 48 |  | 
| ESC pressed | 1 |  | 
| Enter build submenu | 18 |  | 
| Enter hero's abilities submenu | 5 |  | 
| Give item / drop item | 1 |  | 
| Right click | 597 |  | 
| Select / deselect | 245 |  | 
| Select group hotkey | 429 |  | 
| Use ability | 49 |  | 
                1586 total
 » units 
                
                | Acolyte | 8 |  | 
| Ghoul | 3 |  | 
| Crypt Fiend | 10 |  | 
| Obsidian Statue | 3 |  | 
| Frost Wyrm | 2 |  | 
                26 total
 » upgrades
                
                | Web | 1 |  | 
| Destroyer Form | 1 |  | 
| Creature Attack | 1 |  | 
                3 total
 » buildings
                
                | Altar of Darkness | 1 |  | 
| Ziggurat | 8 |  | 
| Crypt | 2 |  | 
| Graveyard | 1 |  | 
| Tomb of Relics | 1 |  | 
| Halls of the Dead | 1 |  | 
| Sacrificial Pit | 1 |  | 
| Black Citadel | 1 |  | 
| Slaughterhouse | 1 |  | 
| Boneyard | 1 |  | 
                18 total
 » build order
                00:07 Altar of Darkness
00:17 Ziggurat
00:42 Crypt
01:05 Graveyard
01:20 Tomb of Relics
01:33 Ziggurat
03:44 Halls of the Dead
05:07 Ziggurat
05:22 Ziggurat
06:08 Sacrificial Pit
06:09 Black Citadel
06:52 Slaughterhouse
08:33 Boneyard
10:47 Ziggurat
10:49 Ziggurat
12:20 Crypt
13:01 Ziggurat
13:03 Ziggurat
» items
                
                | Rod of Necromancy | 1 |  | 
| Potion of Healing | 3 |  | 
| Dust of Appearance | 1 |  | 
| Healing Salve | 1 |  | 
| Scroll of Town Portal | 1 |  | 
| Orb of Corruption | 1 |  | 
| Potion of Lesser Invulnerability | 1 |  | 
                9 total
  
               team 2 (loser) 
              
              
Cyc-of-IEL (
green | 36 APM | 540 actions | 14:54)
              
 3 Demon Hunter 
 1 Evasion
 2 Mana Burn
 1 Priestess of the Moon 
 1 Trueshot Aura
 
                » actions 
                
                | Basic commands | 24 |  | 
| Build / train | 61 |  | 
| Enter build submenu | 19 |  | 
| Enter hero's abilities submenu | 4 |  | 
| Remove unit from queue | 3 |  | 
| Right click | 180 |  | 
| Select / deselect | 221 |  | 
| Use ability | 28 |  | 
                540 total
 » units 
                
                | Wisp | 31 |  | 
| Huntress | 5 |  | 
| Archer | 4 |  | 
| Dryad | 5 |  | 
                45 total
 » upgrades
                
                | Strength of the Moon | 1 |  | 
| Moon Armor | 1 |  | 
| Improved Bows | 1 |  | 
| Abolish Magic | 1 |  | 
| Nature's Blessing | 1 |  | 
                5 total
 » buildings
                
                | Moon Well | 5 |  | 
| Altar of Elders | 1 |  | 
| Ancient of War | 2 |  | 
| Hunter's Hall | 1 |  | 
| Ancient of Wonders | 1 |  | 
| Ancient Protector | 4 |  | 
| Tree of Ages | 2 |  | 
| Tree of Life | 1 |  | 
| Ancient of Lore | 2 |  | 
                19 total
 » build order
                00:28 Moon Well
00:44 Altar of Elders
01:52 Ancient of War
01:59 Hunter's Hall
02:15 Ancient of War
02:27 Moon Well
02:53 Moon Well
03:07 Ancient of Wonders
03:13 Ancient Protector
05:55 Tree of Ages
06:49 Tree of Life
06:56 Moon Well
07:39 Moon Well
09:43 Ancient of Lore
11:23 Ancient of Lore
13:19 Tree of Ages
13:47 Ancient Protector
14:09 Ancient Protector
14:12 Ancient Protector
 
               
              
              
darkwasp (
teal | 61 APM | 922 actions | 15:09)
              
 3 Blademaster 
 2 Wind Walk
 1 Critical Strike
 2 Shadow Hunter 
 1 Healing Wave
 1 Hex
 
                » actions 
                
                | Assign group hotkey | 78 |  | 
| Basic commands | 1 |  | 
| Build / train | 45 |  | 
| Enter build submenu | 16 |  | 
| Enter hero's abilities submenu | 5 |  | 
| Remove unit from queue | 1 |  | 
| Right click | 509 |  | 
| Select / deselect | 143 |  | 
| Select group hotkey | 48 |  | 
| Use ability | 76 |  | 
                922 total
 » units 
                
                | Peon | 11 |  | 
| Grunt | 6 |  | 
| Wind Rider | 2 |  | 
| Raider | 1 |  | 
                20 total
 » upgrades
                
                | Ensnare | 1 |  | 
| Ranged Weapons | 1 |  | 
| Armor | 1 |  | 
| Envenomed Spears | 1 |  | 
                4 total
 » buildings
                
                | Altar of Storms | 1 |  | 
| Barracks | 1 |  | 
| Orc Burrow | 6 |  | 
| Voodoo Lounge | 1 |  | 
| Great Hall | 1 |  | 
| Stronghold | 1 |  | 
| War Mill | 1 |  | 
| Beastiary | 3 |  | 
| Fortress | 1 |  | 
                16 total
 » build order
                00:14 Altar of Storms
00:27 Barracks
00:30 Orc Burrow
01:47 Orc Burrow
02:32 Voodoo Lounge
02:48 Great Hall
04:32 Stronghold
05:05 War Mill
05:08 Orc Burrow
05:41 Orc Burrow
07:00 Beastiary
07:01 Beastiary
07:03 Beastiary
10:52 Fortress
10:56 Orc Burrow
10:58 Orc Burrow
» items
                
                | Healing Salve | 3 |  | 
| Lesser Clarity Potion | 1 |  | 
| Scroll of Speed | 2 |  | 
| Scroll of Town Portal | 2 |  | 
                8 total
  
               
              
              
daZed-of-IEL (
orange | 56 APM | 832 actions | 14:45)
              
 4 Death Knight 
 2 Death Coil
 2 Unholy Aura
 1 Crypt Lord 
 1 Impale
 1 Lich 
 1 Frost Nova
 
                » actions 
                
                | Assign group hotkey | 29 |  | 
| Basic commands | 73 |  | 
| Build / train | 47 |  | 
| ESC pressed | 2 |  | 
| Enter build submenu | 15 |  | 
| Enter hero's abilities submenu | 6 |  | 
| Give item / drop item | 1 |  | 
| Remove unit from queue | 1 |  | 
| Right click | 284 |  | 
| Select / deselect | 200 |  | 
| Select group hotkey | 128 |  | 
| Use ability | 46 |  | 
                832 total
 » units 
                
                | Acolyte | 2 |  | 
| Ghoul | 4 |  | 
| Crypt Fiend | 12 |  | 
| Obsidian Statue | 5 |  | 
| Frost Wyrm | 2 |  | 
                25 total
 » upgrades
                
                | Web | 1 |  | 
| Creature Attack | 1 |  | 
| Destroyer Form | 1 |  | 
                3 total
 » buildings
                
                | Crypt | 1 |  | 
| Graveyard | 1 |  | 
| Altar of Darkness | 2 |  | 
| Ziggurat | 6 |  | 
| Tomb of Relics | 2 |  | 
| Halls of the Dead | 2 |  | 
| Black Citadel | 1 |  | 
| Slaughterhouse | 1 |  | 
| Sacrificial Pit | 1 |  | 
| Boneyard | 1 |  | 
                18 total
 » build order
                00:08 Crypt
00:10 Graveyard
00:42 Altar of Darkness
00:44 Altar of Darkness
01:00 Ziggurat
01:26 Tomb of Relics
01:28 Tomb of Relics
02:03 Ziggurat
04:12 Halls of the Dead
04:13 Halls of the Dead
04:38 Ziggurat
05:30 Ziggurat
06:43 Black Citadel
06:45 Slaughterhouse
06:50 Sacrificial Pit
09:32 Boneyard
11:46 Ziggurat
12:54 Ziggurat
» items
                
                | Rod of Necromancy | 2 |  | 
| Healing Salve | 2 |  | 
| Potion of Healing | 1 |  | 
| Scroll of Town Portal | 1 |  | 
                6 total
  
               
              
              
LivingLight (
pink | 20 APM | 302 actions | 15:17)
              
 2 Priestess of the Moon 
 1 Trueshot Aura
 1 Scout
 
                » actions 
                
                | Assign group hotkey | 3 |  | 
| Build / train | 28 |  | 
| Enter build submenu | 8 |  | 
| Enter hero's abilities submenu | 2 |  | 
| Remove unit from queue | 3 |  | 
| Right click | 118 |  | 
| Select / deselect | 93 |  | 
| Select group hotkey | 13 |  | 
| Use ability | 34 |  | 
                302 total
 » units 
                » upgrades
                
                | Strength of the Moon | 1 |  | 
| Moon Armor | 0 |  | 
| Ultravision | -1 |  | 
                0 total
 » buildings
                
                | Moon Well | 3 |  | 
| Altar of Elders | 1 |  | 
| Ancient of War | 2 |  | 
| Hunter's Hall | 1 |  | 
                7 total
 » build order
                00:22 Moon Well
00:36 Altar of Elders
01:07 Ancient of War
01:31 Moon Well
02:08 Hunter's Hall
02:26 Ancient of War
02:43 Moon Well
» items
                
                | Healing Salve | 1 |  | 
| Scroll of Town Portal | 1 |  | 
| Staff of Teleportation | 1 |  | 
                3 total
  
                Chat log
          (00:20 / Allies) Fing.Prick: 3 orc
(00:23 / Allies) PoopyButt: air for me
(00:24 / Allies) Fing.Prick: shall we grunt and serp ward rush?
(00:30 / Allies) RIDICULOUS_: i'll fiend
(00:31 / Allies) PoopyButt: im down
(00:33 / Allies) PoopyButt: im down
(00:33 / Allies) ripBALLER4LIFE: k
(00:37 / Allies) ripBALLER4LIFE: lets do it
(00:41 / Allies) Fing.Prick: so mass grunts and wards? right?
(00:44 / Allies) PoopyButt: lets go right when hero comes out
(00:48 / Allies) Fing.Prick: k
(00:49 / Allies) ripBALLER4LIFE: yea
(00:51 / Allies) Fing.Prick: bring potions for mega wards
(00:59 / Allies) ripBALLER4LIFE: nah we build shop
(01:01 / Allies) ripBALLER4LIFE: ill bring peon
(01:04 / Allies) Fing.Prick: k
(01:05 / Allies) ripBALLER4LIFE: we build shop outside base
(01:11 / Allies) ripBALLER4LIFE: nah come this way
(01:18 / Allies) ripBALLER4LIFE: 2 orcs this side
(01:19 / Allies) Fing.Prick: yeah, we closer to more orc this side
(01:32 / Allies) PoopyButt: then go
(01:36 / Allies) PoopyButt: and ill come
(01:37 / Allies) PoopyButt: asap
(01:45 / Allies) ripBALLER4LIFE: tech to air too while we do it
(01:52 / Allies) PoopyButt: u kno mw
(01:56 / Allies) PoopyButt: me*
(02:02 / Allies) Fing.Prick: hes slow
(02:03 / Allies) Fing.Prick: perfect
(02:32 / Allies) ripBALLER4LIFE: fuck it
(02:35 / Allies) ripBALLER4LIFE: blue is stupid
(02:39 / Allies) ripBALLER4LIFE: no grunts
(02:43 / Allies) PoopyButt: im teching
(02:43 / Allies) Fing.Prick: sigh...
(02:44 / Allies) PoopyButt: chill
(02:46 / Allies) PoopyButt: it will work
(02:47 / Allies) PoopyButt: still
(02:48 / Allies) Fing.Prick: we said GRUNT RUSH
(02:50 / Allies) Fing.Prick: u said YES
(02:54 / Allies) PoopyButt: just go
(02:55 / Allies) ripBALLER4LIFE: dont even bother now
(02:58 / Allies) PoopyButt: WOW
(02:58 / Allies) PoopyButt: GO
(03:29 / Allies) Fing.Prick: a tp lol
(03:46 / Allies) Fing.Prick: love ward rush
(04:16 / Allies) Fing.Prick: hall
(04:17 / Allies) PoopyButt: why no shop?
(04:24 / Allies) Fing.Prick: your fault blue
(05:06 / All) Fing.Prick: yeahhhh booooyzzzzz
(05:07 / Allies) ripBALLER4LIFE: keep making
(05:09 / Allies) ripBALLER4LIFE: go to air
(05:20 / All) Fing.Prick: you know wisps cant detonate WARDS right???
(05:30 / All) Fing.Prick: I mean, you shoudve figured that out a while ago
(06:12 / Allies) Fing.Prick: i got sham and doc
(06:15 / Allies) Fing.Prick: since u 2 are going air or whatever
(06:26 / Allies) Fing.Prick: out yellow
(06:57 / Allies) ripBALLER4LIFE: clear expos
(07:14 / Allies) PoopyButt: lets take advantage of the fact
(07:16 / Allies) PoopyButt: its 3v4
(07:18 / Allies) PoopyButt: and hit
(07:21 / Allies) ripBALLER4LIFE: yea we expo then hit
(07:30 / Allies) Fing.Prick: got an expo right there
(07:56 / Allies) ripBALLER4LIFE: lets hit
(07:59 / Allies) Fing.Prick: split it?
(08:06 / Allies) ripBALLER4LIFE: ok
(08:14 / Allies) PoopyButt: purp
(08:16 / Allies) ripBALLER4LIFE: purple go
(08:18 / Allies) RIDICULOUS_: ccoming
(08:37 / Allies) ripBALLER4LIFE: get healing wave second
(09:05 / Allies) ripBALLER4LIFE: back
(09:23 / Allies) ripBALLER4LIFE: damn it red
(09:29 / Allies) Fing.Prick: u said back
(09:45 / Allies) ripBALLER4LIFE: rape teal
(09:46 / Allies) ripBALLER4LIFE: KILL HIM
(09:50 / Allies) RIDICULOUS_: wtf?
(09:50 / Allies) ripBALLER4LIFE: WTF
(10:07 / Allies) ripBALLER4LIFE: come red
(10:19 / Allies) Fing.Prick: dont have much
(10:31 / Allies) RIDICULOUS_: i'm v
(11:04 / Allies) Fing.Prick: go back to green
(11:05 / Allies) Fing.Prick: they all over here
(11:07 / Allies) RIDICULOUS_: come
(11:56 / Allies) ripBALLER4LIFE: damn it red where r u
(12:01 / Allies) Fing.Prick: clearing my expo
(12:04 / Allies) ripBALLER4LIFE: get out red
(12:23 / Allies) ripBALLER4LIFE: get his main
(12:39 / Allies) ripBALLER4LIFE: GET HIS MAIN
(12:47 / Allies) ripBALLER4LIFE: lets go red
(12:50 / Allies) ripBALLER4LIFE: grunt
(13:14 / Allies) ripBALLER4LIFE: lets go get his expo
(13:21 / Allies) ripBALLER4LIFE: nvm
(13:23 / Allies) ripBALLER4LIFE: MAIN HIM RED
(13:27 / Allies) RIDICULOUS_: hit now
(13:29 / Allies) RIDICULOUS_: get out blue
(13:30 / Allies) ripBALLER4LIFE: fuck it burrow him
(14:20 / Allies) ripBALLER4LIFE: get his expo after
(14:37 / Allies) RIDICULOUS_: gj blue
(14:48 / All) Fing.Prick: gg
(14:50 / All) ripBALLER4LIFE: gg
(14:58 / Allies) ripBALLER4LIFE: nice caster red